 Dungeon Crawl Stone Soup version 0.30.1-9-gdf580d7c3d (webtiles) character file.

Game seed: 14757027115861055879

686 LynnLen the Vexing (level 7, 0/32 HPs)
             Began as a Spriggan Enchanter on Oct 14, 2023.
             Was an Initiate of Dithmenos.
             Slain by Duvessa
             ... wielding a +0 short sword
              (6 damage)
             ... on level 4 of the Dungeon.
             The game lasted 00:21:38 (5775 turns).

LynnLen the Vexing (Spriggan Enchanter)             Turns: 5775, Time: 00:21:39

Health: 0/32       AC:  4    Str:  4    XL:     7   Next: 35%
Magic:  14/18      EV: 17    Int: 18    God:    Dithmenos [......]
Gold:   183        SH:  0    Dex: 16    Spells: 11/19 levels left

rFire   . . .        a - +1 dagger
rCold   . . .        (no shield)
rNeg    . . .        b - +2 robe
rPois   .            (helmet restricted)
rElec   .            (no cloak)
rCorr   .            (gloves unavailable)
SInv    +            (boots unavailable)
Will    +....        (no amulet)
Stlth   +            (no ring)
HPRegen 0.25/turn    (no ring)
MPRegen 0.16/turn

%: no passive effects
@: lit by a corona, glowing, very quick
A: very small, no large weapons, unfitting armour, see invisible, speed 3
a: Renounce Religion


You were on level 4 of the Dungeon.
You worshipped Dithmenos.
Dithmenos was noncommittal.
You visited 2 branches of the dungeon, and saw 5 of its levels.

You collected 183 gold pieces.

Inventory:

Hand Weapons
 a - a +1 dagger (weapon)
Missiles
 h - 3 atropa-tipped darts
Armour
 b - a +2 robe (worn)
Wands
 l - a wand of flame (8)
Scrolls
 f - 2 scrolls of blinking
 g - a scroll of vulnerability {unknown}
 m - 3 scrolls of teleportation
Potions
 c - a potion of invisibility
 d - 2 potions of haste
 i - 3 potions of attraction
 j - 3 potions of curing
 k - 2 potions of cancellation
 n - a potion of magic {unknown}


   Skills:
 - Level 1.1 Short Blades
 - Level 2.6 Dodging
 - Level 4.4 Stealth
 + Level 6.8 Spellcasting
 + Level 7.3 Hexes
 + Level 2.2 Ice Magic


You had 11 spell levels left.
You knew the following spells:

 Your Spells              Type           Power      Damage    Failure   Level
a - Ensorcelled Hibernat  Hex/Ice        46%        N/A       2%          2
b - Confusing Touch       Hex            32%        N/A       1%          3
c - Tukima's Dance        Hex            32%        N/A       1%          3

Your spell library contained the following spells:

 Spells                   Type           Power      Damage    Failure   Level
 Dazzling Flash           Conj/Hex       38%        N/A       8%          3
 Blink                    Tloc           12%        N/A       17%         2
 Cigotuvi's Dreadful Rot  Necr/Pois/Air  12%        N/A       17%         2
 Lesser Beckoning         Tloc           12%        N/A       17%         2
 Momentum Strike          Conj/Tloc      12%        3d8       17%         2
 Ignite Poison            Fire/Tmut/Pois 6%         N/A       32%         3
 Freezing Cloud           Conj/Ice/Air   4%         6-21      92%         5


Dungeon Overview and Level Annotations

Branches:
Dungeon (4/15)             Temple (1/1) D:4

Altars:
Ashenzari
Dithmenos
Elyvilon
Fedhas
Gozag
Kikubaaqudgha
Nemelex Xobeh
Okawaru
Ru
Sif Muna
Trog
Vehumet
Wu Jian
Xom
Yredelemnul
Zin
The Shining One

Shops:
D:1 ([[=(

Annotations:
D:4 Dowan, Duvessa


Innate Abilities, Weirdness & Mutations

You are very small and have problems with some larger weapons.
You are too small for most types of armour.
You have supernaturally acute eyesight. (SInv)
You cover ground extremely quickly. (Speed+++)


Message History

Dowan shouts!
Dowan casts a spell.
Dowan blinks!
Duvessa shouts!
Aiming: Ensorcelled Hibernation (safe; 2% risk of failure)
Press: ? - help, Q - select action, (/) - cycle Shift-Dir - straight line, f - Duvessa
Aim: Duvessa, wielding a +0 short sword and wearing a +0 leather armour (chance to affect: 37%) Duvessa looks drowsy...
Unknown command.
The helpless Duvessa fails to defend herself.
You impale Duvessa!!
Duvessa is heavily wounded.
Duvessa closely misses you.
Casting: Confusing Touch (safe; 1% risk of failure)
Press: ? - help, Q - select action, (/) - cycle Dir - look around, f - activate Your hands begin to glow red.
Duvessa hits you with a +0 short sword.
Unknown command.
You barely miss Duvessa.
Duvessa is heavily wounded.
Duvessa hits you with a +0 short sword. Dowan casts a spell at you.
The puff of frost misses you.
You closely miss Duvessa.
Duvessa is heavily wounded.
Duvessa closely misses you.
You hit Duvessa but do no damage.
Duvessa is heavily wounded.
Duvessa says, "Where magic fails, the sword succeeds!"
Duvessa hits you but does no damage.
You hit Duvessa but do no damage.
Duvessa appears confused.
Duvessa is heavily wounded.
You barely miss Duvessa.
Duvessa is heavily wounded.
Dowan points at you and mumbles some strange words.
The puff of frost hits you!
* * * LOW HITPOINT WARNING * * *
Dowan casts a spell at you.
You are outlined in light.
Duvessa hits you with a +0 short sword.
You die...

#...........## #..#......##
.........##.# ##.#.......#
.........#### ##.........#
.........#.######..<.......#
............#....).e.#....##
.....................##...#
..#...#........<......##.##
.###..#.<.....)[......######
.##.............@e.........##
......#........)............#
...#####.###|...............##
##....######.................##
.#........#.......##..........#
#.................##...##...###
##....................#######
...#..................#
...#...........#.##..##


You could see Duvessa (confused) and Dowan.

Vanquished Creatures
  Sigmund (D:2)
  Edmund (D:4)
  A scorpion (D:4)
  3 hounds (D:4)
  A jelly (D:4)
  Jessica (D:2)
  Ijyb (D:3)
  An orc wizard (D:3)
  3 gnolls
  4 adders
  A worm (D:3)
  A dart slug (D:1)
  5 orcs
  6 endoplasms
  3 giant cockroaches (D:1)
  3 goblins
  7 hobgoblins
  5 jackals
  3 quokkas
  10 ball pythons
  5 bats
  4 frilled lizards
  7 kobolds
  2 rats (D:1)
79 creatures vanquished.

Vanquished Creatures (collateral kills)
  3 gnolls (D:4)
3 creatures vanquished.

Vanquished Creatures (others)
  A quokka (D:4)
1 creature vanquished.

Grand Total: 83 creatures vanquished

Notes
Turn   | Place    | Note
-------+----------+-------------------------------------------
     0 | D:1      | LynnLen the Spriggan Enchanter began the quest for the Orb.
     0 | D:1      | Reached XP level 1. HP: 9/9 MP: 5/5
   267 | D:1      | Reached skill level 4 in Hexes
   299 | D:1      | Reached XP level 2. HP: 11/13 MP: 7/7
   308 | D:1      | Learned a level 2 spell: Ensorcelled Hibernation
   405 | D:1      | Found Kuz Ashi's Jewellery Shop.
   467 | D:1      | Found Fezedd's Weapon Emporium.
   881 | D:1      | Found Uwkew's Antique Weapon Emporium.
   888 | D:1      | Found Reqotuat's Armour Shop.
   902 | D:1      | Found Feph's Antique Armour Shoppe.
  1059 | D:2      | Noticed Jessica
  1085 | D:2      | Reached XP level 3. HP: 10/16 MP: 2/9
  1391 | D:2      | Killed Jessica
  1392 | D:2      | Reached skill level 5 in Hexes
  1392 | D:2      | Reached XP level 4. HP: 21/21 MP: 6/11
  1483 | D:2      | Noticed Sigmund
  1562 | D:2      | Killed Sigmund
  1563 | D:2      | Reached skill level 5 in Spellcasting
  1563 | D:2      | Reached skill level 6 in Hexes
  1563 | D:2      | Reached XP level 5. HP: 24/24 MP: 7/14
  2097 | D:3      | Learned a level 3 spell: Confusing Touch
  2101 | D:3      | Learned a level 3 spell: Tukima's Dance
  2194 | D:3      | Noticed Ijyb
  2330 | D:3      | Killed Ijyb
  2331 | D:3      | Reached XP level 6. HP: 16/28 MP: 12/15
  2781 | D:3      | Found a glowing golden altar of the Shining One.
  3499 | D:4      | Reached skill level 1 in Ice Magic
  3542 | D:4      | Found a staircase to the Ecumenical Temple.
  3551 | Temple   | Entered the Ecumenical Temple
  3866 | Temple   | Became a worshipper of Dithmenos the Shadowed
  4063 | D:4      | Found a white marble altar of Elyvilon.
  4071 | D:4      | Noticed Edmund
  4224 | D:4      | Noticed Dowan
  4224 | D:4      | Noticed Duvessa
  4494 | D:4      | Killed Edmund
  4495 | D:4      | Reached skill level 7 in Hexes
  4495 | D:4      | Reached XP level 7. HP: 8/32 MP: 12/18
  4737 | D:4      | HP: 1/32 [Dowan/puff of frost (3)]
  5462 | D:4      | Found a broken altar of Ashenzari.
  5775 | D:4      | Slain by Duvessa

Illustrated notes

Levels and vault maps discovered:
D:1:      sevenhm_arrival_forest_fort_large_2, layout_loops_ring, serial_shops,
          shop, nicolae_shop_peninsula, nicolae_shop_bloodbath_and_beyond,
          shop_statue, shop, serial_forest, infiniplex_forest_clump_tiny,
          infiniplex_forest_clump_diagonal, infiniplex_forest_clump_small,
          infiniplex_forest_lined_room_3, infiniplex_forest_end_3,
          infiniplex_forest_lined_4_way, infiniplex_forest_lined_ring,
          minmay_strange_pillars, minmay_box_of_dots
D:2:      layout_rooms, minmay_misc_feat_roman, supply_closet_lemuel,
          item_on_display_a, uniq_jessica, uniq_sigmund
D:3:      layout_loops_ring, old_standard_altar, serial_rivers,
          chequers_serial_rivers_room_a, chequers_serial_rivers_micro_d,
          chequers_serial_rivers_large_b, chequers_serial_rivers_room_b,
          uniq_ijyb
D:4:      layout_cave_pools, kennysheep_mini_moat, elyvilon_altar_4,
          minmay_temple_entry_glassed_door, uniq_duvessa, uniq_edmund
Temple:   dpeg_chambers_temple

Skill      XL: |  1  2  3  4  5  6 |
---------------+-------------------+-----
Spellcasting   | 3 4 5 6 |  6.8
Hexes          | 4 5 6 7 |  7.3
Ice Magic      | 2 |  2.2
Short Blades   | |  1.1
Dodging        | |  2.6
Stealth        | |  4.4

Action                     |  1- 3 |  4- 6 |  7- 9 || total
---------------------------+-------+-------+-------++-------
  Melee: Dagger            |    96 |   124 |    45 ||   265
         Punch             |       |     2 |     1 ||     3
   Cast: Ensorcelled Hiber |    15 |    31 |     9 ||    55
         Confusing Touch   |       |     3 |     6 ||     9
         Tukima's Dance    |       |       |     4 ||     4
    Use: Potion            |       |     1 |       ||     1
         Scroll            |       |     7 |     2 ||     9
   Stab: Sleeping          |    16 |    26 |     6 ||    48
         Invisible         |       |     2 |       ||     2
         Distracted        |       |     1 |       ||     1
         Confused          |       |     2 |     3 ||     5
 Armour: Robe              |    10 |     9 |     5 ||    24
  Dodge: Dodged            |    72 |    99 |    43 ||   214
